AoeStats
← leventcevahir09

Arena

510119709Analyzed
1v1 RM · 3d ago on Sep 29, 2026· 50m 47s· 2 players
Game mode
Random Map
Map size
Tiny (2 player)
Population
200
Speed
Normal
Resources
Standard
Victory
Conquest
Starting age
Dark Age
Ending age
Imperial Age
RankedLock teamsTeams togetherTeam positionsShared explorationLock speedFull tech treeHidden civsTurbo modeCheats
Victory
Defeat
🇹🇷 Huns · Türkiye
771
+13
🇹🇷 Khmer · Türkiye
715
-13
mehmet.eroztoprak
11:36 Feudal Age
22:43 Castle Age
20:46 Horse Collar
21:00 Double-Bit Axe
21:19 Stone Mining
22:52 Scale Barding Armor
22:58 Forging
23:21 Bloodlines
23:08 Arson
23:28 Scale Mail Armor
24:25 Husbandry
24:24 Pikeman
32:49 Imperial Age
31:52 Loom
32:13 Heavy Plow
32:06 Gold Mining
32:30 Bow Saw
32:59 Stone Shaft Mining
34:58 Chain Mail Armor
34:56 Murder Holes
36:43 Gold Shaft Mining
36:48 Crop Rotation
37:19 Iron Casting
39:14 Chemistry
40:37 Chain Barding Armor
41:19 Blast Furnace
40:27 Double Crossbow
41:02 Halberdier
48:16 Cavalier
leventcevahir09
10:57 Feudal Age
11:55 Double-Bit Axe
17:29 Castle Age
16:35 Horse Collar
16:52 Stone Mining
19:15 Bow Saw
22:07 Scale Barding Armor
22:13 Forging
23:19 Fervor
24:23 Gold Mining
26:30 Wheelbarrow
25:41 Town Watch
25:41 Loom
27:42 Squires
29:05 Chain Barding Armor
28:47 Scale Mail Armor
29:31 Heavy Plow
29:39 Pikeman
31:31 Marauders
31:48 Husbandry
31:59 Bloodlines
33:35 Iron Casting
34:04 Hand Cart
40:37 Imperial Age
38:23 Padded Archer Armor
38:14 Fletching
38:39 Chain Mail Armor
40:48 Elite Tarkan
43:32 Capped Ram
Connection lost

Rejoining the realm…

Still unreachable

The connection could not be restored.

Session expired

The server has moved on; the page needs a fresh start.